Zazza, neutral female human Tourist --- --@---- . |.f.|.--- ...(|.G...-- ...---.....-- .- --...... |...--- --..| --.----- |...|.-- --|......| ----.--.....-- -----..<.^.......| |..............).| |..---...--------- |.|.|--.-- ----- --- Zazza the Rambler Experience level: 1 Strength: 13 Dexterity: 9 Constitution: 11 Intelligence: 12 Wisdom: 12 Charisma: 18 Health: 0(12) Energy: 2(2) Def: 0 Gold: 1311 Moves: 2438 Dungeon seed: hz9FHaiQR-KOGodH Game ID: Zazza_1618937876 Your Inventory: Coins $ - 1311 gold pieces Weapons a - 21 +2 darts (in quiver) D - a +0 orcish dagger L - a +0 dagger (weapon in hand) Q - a blessed +2 orcish dagger T - 9 +0 darts Armor n - an uncursed +0 Hawaiian shirt (being worn) r - a cursed +0 orcish helm Comestibles b - 8 uncursed food rations G - 2 uncursed tripe rations Scrolls f - an uncursed scroll of magic mapping p - a cursed scroll of enchant armor F - an uncursed scroll of identify H - an uncursed scroll of taming I - an uncursed scroll of confuse monster J - an uncursed scroll of scare monster P - an uncursed scroll of enchant armor Potions e - 2 uncursed potions of extra healing u - a cursed potion of see invisible U - an uncursed potion of gain ability Tools g - an expensive camera (0:31) k - an uncursed skeleton key m - an uncursed mirror o - an uncursed stethoscope s - an uncursed sack t - an uncursed towel w - a +0 pick-axe C - a blessed magic lamp K - an uncursed magic lamp (lit) Gems q - an uncursed worthless piece of blue glass Spells and supernatural/magical abilities: Name Level Category Fail Memory W - pray for help -- divine ? -- Your skills at the end: Fighting Skills Weapon Skills dart [Basic] Spellcasting Skills Final Attributes: You were stridently aligned. You are dead. Vanquished creatures: a coyote a hobbit 3 gnomes a gecko 8 jackals 3 foxes 2 kobolds 2 goblins 2 sewer rats 6 grid bugs 3 lichens 4 kobold zombies 12 newts 48 creatures vanquished. Voluntary challenges: You used a wielded weapon 3 times, starting on turn 744. You read items or engraved 5 times, starting on turn 111. You never genocided any monsters. You never polymorphed an object. You never changed form. You used no wishes. You never split a pudding. You wrote Elbereth's name 1 time, starting on turn 286. You never violated your personal moral code. Dungeon overview: The Dungeons of Doom: levels 1 to 4 Level 1 a fountain a long staircase Level 2 a hardware shop, a fountain Level 3 a general store stairs to The Gnomish Mines Level 4 The Gnomish Mines: Level 4 <- You were here stairs to The Dungeons of Doom History has recorded: On T:1 you entered the Dungeons of Doom to retrieve the Amulet of Yendor! On T:530 you reached level 2 of The Dungeons of Doom. On T:1138 you reached level 3 of The Dungeons of Doom. On T:1177 you reached level 1 of The Gnomish Mines. On T:1555 you reached level 4 of The Dungeons of Doom. Score breakdown: Gold: 1051 (10279 points) Experience: 1 level ( 0 points) Exploration: 4 levels ( 7.55%) ( 7205 points) Discoveries: 3 items ( 1.01%) ( 3010 points) Valuables value: (no points given unless you survive) Artifact value: 0 ( 0 points) Variety of kills: 13 monsters ( 3.41%) ( 5541 points) Turncount: 2438 turns ( -293 points) Survival: died (score multiplied by 80%) Total score: 20593 Latest messages: You stop. Armand is in the way! Armand eats a gnome corpse. You displace Armand. You see here 3 darts. T - 3 darts. There is nothing here to pick up. You displace Armand. The gnome hits! You displace Armand. Armand bites the gnome. The gnome is killed! You displace Armand. Please move the cursor to an unknown object. Never mind. You see here 6 darts. T - 6 darts. U - a brilliant blue potion. Armand is almost hit by an arrow! You displace Armand. You hear some noises. You hear a nearby zap. The bolt of fire hits you! You die... The sack is empty. Final status: Aloha Zazza the Tourist, killed by a bolt of fire... You died in The Gnomish Mines on dungeon level 4 with 20593 points, and 1311 pieces of gold, after 2438 moves. You were level 1 with a maximum of 12 hit points when you died.